 Dungeon Crawl Stone Soup version 0.10.4 character file.

11259 MackTheKnife the Fighter (level 11, -16/100 HPs)
             Began as a Minotaur Berserker on Oct 2, 2014.
             Was an Elder of Trog.
             Killed from afar by a smoke demon (25 damage)
             ... with a ball of steam
             ... in The Abyss.
             The game lasted 00:31:39 (7822 turns).

MackTheKnife the Fighter (Minotaur Berserker)       Turns: 7822, Time: 00:31:39

HP -16/100       AC  4     Str 21      XL: 11   Next: 55%
MP   2/4         EV 17     Int  3      God: Trog [****..]
Gold 286         SH  0     Dex 14      Spells:  0 memorised, 12 levels left

Res.Fire  : . . .   See Invis. : +   a - +8,+6 whip of Omnaerph {elec, +Lev Int-1 S Res.Cold : . . . Warding : . . k - +1 leather armour Life Prot.: . . . Conserve : . (no shield) Res.Acid. : . . . Res.Corr. : . u - +2 wizard hat
Res.Poison: .       Clarity    : .   (no cloak)
Res.Elec. : .       Spirit.Shd : .   (no gloves)
Sust.Abil.: . .     Rnd.Telep. : +   (no boots)
Res.Mut.  : .       Ctrl.Telep.: x   x - cursed amulet of the gourmand
Res.Rott. : .       Levitation : .   t - ring of protection from magic
Gourmand  : +       Ctrl.Flight: .   i - ring of teleportation

@: about to teleport, exhausted, slowed, very slow, quite resistant to hostile
enchantments, unstealthy
A: retaliatory headbutt, horns 2, deformed body, herbivore 1, fast metabolism 1,
-10% mp
a: Burn Spellbooks, Berserk, Trog's Hand, Brothers in Arms, Renounce Religion,
Evoke Levitation, Evoke Teleportation


You were in the Abyss.
You worshipped Trog.
Trog was extremely pleased with you.
You were not hungry.

You visited 2 branches of the dungeon, and saw 9 of its levels.
You visited the Abyss 1 time.
You visited 3 portal chambers: sewer, ossuary, bailey.

You collected 337 gold pieces.
You spent 71 gold pieces at shops.

Inventory:

Hand weapons
 a - the +8,+6 whip of Omnaerph (weapon) {elec, +Lev Int-1 SInv}
   (You found it on level 5 of the Dungeon)

   Occasionally, upon striking a foe, it will discharge some electrical energy
   and cause terrible harm.
   It affects your intelligence (-1).
   It enhances your eyesight.
   It lets you levitate.
 d - a cursed +1,+1 orcish flail of protection
 A - a +0 orcish blowgun
Missiles
 B - 37 poisoned +0 needles
Armour
 k - a +1 leather armour (worn)
 u - a +2 wizard hat (worn)
 L - a +0 wizard hat of intelligence
Magical devices
 I - a wand of digging (11)
 J - a wand of random effects (12)
Comestibles
 c - 8 bread rations
 f - a meat ration
 D - 2 apricots
 F - 2 apples
 G - 2 chokos
Jewellery
 i - a ring of teleportation (left hand)
 t - a ring of protection from magic (right hand)
 x - a cursed amulet of the gourmand (around neck)
 y - an uncursed ring of magical power
 N - an uncursed ring of sustenance
Potions
 g - 7 potions of curing
 j - a potion of heal wounds
 o - 2 potions of restore abilities
 p - a potion of paralysis {unknown}
 r - a potion of agility
 v - a potion of magic {unknown}
 H - a potion of gain strength {unknown}


   Skills:
 + Level 13.2 Fighting
 - Level 3.6 Axes
 - Level 10.0 Maces & Flails
 - Level 2.4 Armour
 - Level 10.5 Dodging
 - Level 1.0 Spellcasting
 - Level 8.1 Evocations


You had 12 spell levels left.
You didn't know any spells.

Dungeon Overview and Level Annotations

Branches:
Dungeon (8/27)             Temple (1/1) D:5
    Orc: D:6-11        Lair: D:8-13

Altars:
Ashenzari
Cheibriados
Elyvilon
Fedhas
Kikubaaqudgha
Makhleb
Nemelex Xobeh
Okawaru
Sif Muna
The Shining One
Trog
Vehumet
Xom
Yredelemnul
Zin

Shops:
D:4: * D:7: %


Innate Abilities, Weirdness & Mutations

You reflexively headbutt those who attack you in melee.
You have a pair of horns on your head.
Armour fits poorly on your strangely shaped body.
You digest meat inefficiently.
You have a fast metabolism.
Your magical capacity is low (-10% MP).


Message History

You need to enable at least one skill for training.
You are covered in liquid flames!
* * * LOW HITPOINT WARNING * * *
The smoke demon hits you.
* * * LOW HITPOINT WARNING * * *
The smoke demon barely misses you.
You enter the shallow water.
Moving in this stuff is going to be slow.
The flames go out!
You are no longer berserk.
Trog's vigour flows through your veins.
You are exhausted.
You feel yourself slow down. The smoke demon gestures at you.
Something smites you!
* * * LOW HITPOINT WARNING * * *
There is some shallow water here.
Unknown command.
The smoke demon gestures at you. The ball of steam hits you!
You die...

≈≈###. ≈..#..≈ ≈≈
#....≈≈ .≈≈≈
##≈≈...≈≈
....#####≈≈≈.....
#..≈###≈≈.≈≈.#..
#....##≈≈≈≈≈###
..≈ ≈#..§§3≈..#
## ≈≈##@#%#...≈≈#
##. #.##...≈≈≈≈#
##≈≈... ...≈≈≈#
##......###≈≈#
≈≈###...# ### ..#
#...# .. #####


There were no monsters in sight!

Vanquished Creatures
  Gastronok (D:8)
  A hell hog zombie (Abyss)
  4 hell hogs (Abyss)
  2 large abominations (Abyss)
  3 hellwings (Abyss)
  An elf zombie (Port)
  3 smoke demons (Abyss)
  A spriggan (D:7)
  A hairy devil (Port)
  2 neqoxecs (Abyss)
  A ynoxinul (Abyss)
  3 deep elf fighters (Port)
  A deep elf summoner (Port)
  A deep elf priest (Port)
  A sky beast (D:6)
  A small abomination (Abyss)
  A deep dwarf (Abyss)
  4 ogres
  A giant goldfish zombie (D:2)
  A giant goldfish (Abyss)
  A centaur (D:7)
  A big kobold (Port)
  2 centaur zombies (Port)
  2 giant frogs
  2 shadows
  3 big kobold zombies (Port)
  A goliath beetle (D:7)
  A quasit (Abyss)
  A crimson imp (D:5)
  An iron imp (Port)
  3 worker ants
  A big fish (Port)
  An orc wizard (D:7)
  A gnoll shaman (D:5)
  2 iguanas
  2 scorpions
  Jessica (D:3)
  A worm zombie (D:6)
  4 mummies
  A midge (Port)
  15 gnolls
  4 lemures (Abyss)
  4 adders
  A green rat (D:5)
  4 adder zombies (Port)
  A giant mite (D:5)
  4 white imps
  8 ufetubi
  3 worms
  6 grey rats
  A bat zombie (D:2)
  2 giant eyeballs
  5 giant geckos
  A gnoll zombie (Port)
  An ooze (D:1)
  9 orcs
  2 ball pythons
  5 giant cockroaches
  9 hobgoblins
  A jackal (Port)
  21 kobolds
  3 quokkas
  19 bats
  2 giant gecko skeletons
  A giant gecko zombie (D:5)
  7 giant newts
  13 goblins
  6 goblin zombies (Port)
  2 hobgoblin skeletons
  6 hobgoblin zombies (Port)
  A human zombie (Port)
  A jackal skeleton (D:6)
  4 jackal zombies
  A kobold skeleton (D:5)
  3 kobold zombies
  An orc zombie (Port)
  2 quokka zombies (Port)
  13 rats
  3 rat zombies
  A toadstool (Port)
262 creatures vanquished.

Vanquished Creatures (collateral kills)
  A large abomination (Abyss)
  A neqoxec (Abyss)
  A lemure (Abyss)
  A white imp (Abyss)
4 creatures vanquished.

Vanquished Creatures (others)
  A rat (D:4)
  2 toadstools (D:1)
3 creatures vanquished.

Grand Total: 269 creatures vanquished

Notes
Turn   | Place    | Note
--------------------------------------------------------------
     0 | D:1      | MackTheKnife, the Minotaur Berserker, began the quest for the Orb.
     0 | D:1      | Reached XP level 1. HP: 19/19 MP: 0/0
   308 | D:1      | Reached skill level 1 in Maces & Flails
   433 | D:1      | Reached XP level 2. HP: 17/26 MP: 0/0
   786 | D:1      | Reached skill level 4 in Maces & Flails
  1047 | D:1      | Acquired Trog's second power
  1047 | D:1      | Reached XP level 3. HP: 20/33 MP: 1/1
  1301 | D:2      | Found a shattered altar of Ashenzari.
  1576 | D:2      | Reached skill level 5 in Maces & Flails
  1582 | D:2      | Reached XP level 4. HP: 39/39 MP: 1/1
  1646 | D:2      | Noticed a rat zombie
  1647 | D:2      | Noticed a bat zombie
  1651 | D:2      | Killed a bat zombie
  1652 | D:2      | Killed a rat zombie
  1656 | D:2      | Noticed a giant goldfish zombie
  1684 | D:2      | Killed a giant goldfish zombie
  1684 | D:2      | Reached skill level 6 in Maces & Flails
  1684 | D:2      | Reached XP level 5. HP: 46/46 MP: 1/1
  1721 | D:2      | Found an ancient bone altar of Kikubaaqudgha.
  1941 | D:3      | Reached skill level 7 in Maces & Flails
  2276 | D:3      | Noticed Jessica
  2282 | D:3      | Killed Jessica
  3136 | D:4      | Reached XP level 6. HP: 52/52 MP: 2/2
  3278 | D:4      | Reached skill level 8 in Maces & Flails
  3372 | D:4      | Found Eplidoan's General Store.
  3377 | D:4      | Bought a potion of heal wounds for 33 gold pieces
  3377 | D:4      | Bought a scroll of fear for 38 gold pieces
  3578 | D:4      | Found a glowing silver altar of Zin.
  3758 | D:5      | Entered Level 5 of the Dungeon
  3864 | D:5      | Acquired Trog's third power
  3922 | D:5      | Got a shimmering whip
  3923 | D:5      | Identified the +8,+6 whip of Omnaerph (You found it on level 5 of the Dungeon)
  3974 | D:5      | Reached skill level 9 in Maces & Flails
  3990 | D:5      | Found a glowing drain. 3999
                  | sewer
                  | Entered the sewers 4048
                  | sewer
                  | Reached XP level 7. HP: 57/59 MP: 2/2 4093
                  | sewer
                  | Found a white marble altar of Elyvilon.
  4615 | D:5      | Found a staircase to the Ecumenical Temple.
  4651 | Temple   | Entered the Ecumenical Temple
  4964 | D:6      | Reached skill level 5 in Fighting
  5140 | D:6      | Reached XP level 8. HP: 68/68 MP: 2/2
  5474 | D:7      | Found Threr's Food Emporium.
  5495 | D:7      | Reached skill level 10 in Maces & Flails
  5869 | D:7      | Found a sand-covered staircase.
  5880 | D:7      | Paralysed by a giant eyeball for 2 turns 5898
                  | ossuary
                  | Entered a tomb 5931
                  | ossuary
                  | Reached skill level 5 in Dodging 6082
                  | ossuary
                  | Reached XP level 9. HP: 64/77 MP: 3/3
  6843 | D:8      | Found a flagged portal.
  6843 | D:8      | Noticed Gastronok
  6852 | D:8      | Found an iron altar of Okawaru.
  6886 | D:8      | Killed Gastronok 6969
                  | bailey
                  | Entered the bailey 7004
                  | bailey
                  | Reached XP level 10. HP: 59/88 MP: 3/3 7010
                  | bailey
                  | Reached skill level 10 in Fighting 7221
                  | bailey
                  | You are cast into the Abyss! 7221
                  | bailey
                  | Cast into the Abyss (deep elf soldier)
  7221 | Abyss    | Entered The Abyss
  7225 | Abyss    | Found a corrupted altar of Lugonu.
  7346 | Abyss    | Gained mutation: You have a fast metabolism.
  7346 | Abyss    | Reached skill level 11 in Fighting
  7354 | Abyss    | Noticed a grey draconian simulacrum
  7494 | Abyss    | Reached skill level 10 in Dodging
  7532 | Abyss    | Noticed a deep dwarf
  7545 | Abyss    | Killed a deep dwarf
  7652 | Abyss    | Gained mutation: You digest meat inefficiently.
  7654 | Abyss    | Gained mutation: Your magical capacity is low (-10% MP).
  7658 | Abyss    | Gained mutation: Armour fits poorly on your strangely shaped body.
  7708 | Abyss    | Reached skill level 1 in Evocations
  7735 | Abyss    | Gained mutation: Your body is slowly deteriorating.
  7735 | Abyss    | Lost mutation: Your body is slowly deteriorating.
  7783 | Abyss    | Reached skill level 5 in Evocations
  7791 | Abyss    | Reached XP level 11. HP: 97/97 MP: 2/2
  7812 | Abyss    | Reached skill level 12 in Fighting
  7815 | Abyss    | Reached skill level 13 in Fighting
  7820 | Abyss    | Reached skill level 1 in Spellcasting
  7822 | Abyss    | Killed from afar by a smoke demon
